 Dungeon Crawl Stone Soup version 0.30-a0-329-g85436e0a43 (webtiles) character file.

Game seed: 15774435017755952871

65 blackman the Sneak (level 4, -2/32 (35) HPs)
             Began as a Human Delver on Oct 28, 2022.
             Was an Initiate of Ru.
             Slain by a necrophage (3 damage)
             ... on level 5 of the Dungeon.
             The game lasted 00:01:28 (254 turns).

blackman the Sneak (Human Delver)                    Turns: 254, Time: 00:01:29

HP:   -2/32 (35)    AC:  3    Str: 12    XL:     4   Next: 34%
MP:   4/4           EV: 12    Int: 11    God:    Ru [......]
Gold: 0             SH:  0    Dex: 16    Spells: 3/3 levels left

rFire   . . .      SeeInvis .    a - +0 falchion
rCold   . . .      Faith    .    (no shield)
rNeg    . . .      Spirit   .    b - +0 leather armour
rPois   .          Reflect  .    (no helmet)
rElec   .          Harm     .    (no cloak)
rCorr   .          Rampage  .    (no gloves)
Will    .....                    (no boots)
Stlth   +++.......               (no amulet)
HPRegen 0.25/turn                (no ring)
MPRegen 0.09/turn                (no ring)

@: drained
A: no striking features
a: Renounce Religion


You were on level 5 of the Dungeon.
You worshipped Ru.
Ru was noncommittal.
You visited 2 branches of the dungeon, and saw 2 of its levels.

Inventory:

Hand Weapons
 a - a +0 falchion (weapon)
Missiles
 i - 2 poisoned darts (quivered)
Armour
 b - a +0 leather armour (worn)
Jewellery
 f - a ring of fire
Wands
 g - a wand of digging (3)
Scrolls
 c - a scroll of fog
 d - a scroll of magic mapping
 e - a scroll of fear
 h - a scroll of identify


   Skills:
 - Level 3.0 Fighting
 + Level 4.3 Long Blades
 - Level 2.0 Dodging
 - Level 5.0 Stealth


You had 3 spell levels left.
You didn't know any spells.
Your spell library was empty.

Dungeon Overview and Level Annotations

Branches:
Dungeon (5/15)             Temple (1/1) D:5

Altars:
Ashenzari
Cheibriados
Dithmenos
Elyvilon
Fedhas
Gozag
Hepliaklqana
Kikubaaqudgha
Makhleb
Okawaru
Qazlal
Ru
Sif Muna
Trog
Wu Jian
Yredelemnul
Zin
The Shining One


Message History

You slash the necrophage!
The necrophage is heavily damaged.
The necrophage barely misses you.
You hit the necrophage.
The necrophage is heavily damaged.
The necrophage barely misses you.
You hit the necrophage.
The necrophage is heavily damaged.
The necrophage barely misses you.
You hit the necrophage but do no damage.
The necrophage is heavily damaged.
The necrophage misses you.
You closely miss the necrophage.
The necrophage is heavily damaged.
The necrophage closely misses you.
Unknown command.
Unknown command.
Unknown command.
Unknown command.
You hit the necrophage but do no damage.
You punch the necrophage.
The necrophage is severely damaged.
The necrophage hits you.
You feel drained.
* * * LOW HITPOINT WARNING * * *
You closely miss the necrophage.
The necrophage is severely damaged.
The necrophage closely misses you.
You hit the necrophage but do no damage.
The necrophage is severely damaged.
The necrophage barely misses you.
You hit the necrophage. Your punch misses the necrophage.
The necrophage is almost destroyed.
The necrophage hits you.
* * * LOW HITPOINT WARNING * * *
You feel drained.
* * * LOW HITPOINT WARNING * * *
You barely miss the necrophage.
The necrophage is almost destroyed.
The necrophage hits you.
You die...

*********,**,,,,,,,***#######
*,*#........,,.......
*,*#........,,.......
*,*#........,,.......
*,,+........,,.......
***,*#........,,.......
*,,,*#........,,.......
*,***#.......#**####### #*,*
#@n^#**** #..####.#.#######
#### #...............# #...
#...##..##..##..# #n##
#.,**##....####.# #.#, *,,**
##..## ##.## #.#, *,,,** #..#
##.†n# #.#,
*,,,,**#..#*#....# #.#*
**,*,,,.......#..####.#


You could see a necrophage.

Vanquished Creatures
  A necrophage (D:5)
1 creature vanquished.

Notes
Turn   | Place    | Note
-------+----------+-------------------------------------------
     0 | D:5      | blackman the Human Delver began the quest for the Orb.
     0 | D:5      | Reached XP level 1. HP: 18/18 MP: 1/1
    40 | D:5      | Found a staircase to the Ecumenical Temple.
    43 | D:5      | Noticed a necrophage
    47 | Temple   | Entered the Ecumenical Temple
   174 | Temple   | Became a worshipper of Ru the Awakened
   216 | D:5      | Noticed a necrophage
   226 | D:5      | Killed a necrophage
   227 | D:5      | Reached XP level 2. HP: 8/24 MP: 2/2
   227 | D:5      | Reached XP level 3. HP: 10/29 MP: 3/3
   227 | D:5      | Reached XP level 4. HP: 12/35 MP: 4/4
   237 | D:5      | Noticed a black bear
   253 | D:5      | HP: 1/32 [necrophage (2)]
   254 | D:5      | Slain by a necrophage

Illustrated notes

Levels and vault maps discovered:
D:5:      layout_basic, temple_fountains, palyth_stone_intersect, uniq_grinder,
          uniq_blork_the_orc, uniq_menkaure
Temple:   nicolae_temple_two_arcs

Skill      XL: |  1 |
---------------+----+-----
Long Blades    | 4 |  4.3
Fighting       | |  3.0
Dodging        | |  2.0
Stealth        | |  5.0

Action                   |  1- 3 |  4- 6 || total
-------------------------+-------+-------++-------
Melee: Falchion          |     8 |    11 ||    19
       Punch             |       |     1 ||     1
  Use: Scroll            |     1 |     1 ||     2
       Potion            |     1 |       ||     1
 Stab: Sleeping          |     1 |       ||     1
Armor: Leather armour    |     1 |       ||     1
Dodge: Dodged            |     5 |     8 ||    13

Table legend: (Time is in decaauts)
 A = Elapsed time spent in this place.
 B = Non-inter-level travel time spent in this place.
 C = Inter-level travel time spent in this place.
 D = Time resting spent in this place.
 E = Time spent auto-exploring this place.
 F = Levels seen in this place.
 G = Mean time per level.
                   A        B        C        D        E       F      G
               +--------+--------+--------+--------+--------+-----+--------+
         Total |    237 |    215 |     22 |      0 |    144 |   2 |  118.5 |
       Dungeon |    100 |    100 |      0 |      0 |     38 |   1 |  100.0 |
        Temple |    136 |    114 |     22 |      0 |    106 |   1 |  136.0 |
               +--------+--------+--------+--------+--------+-----+--------+

Top non-repeatable levels by time:
  Temple: 136 daAuts
     D:5: 100 daAuts
